[ AOE2 MATCH · #506150356 ]
UnrankedMongols vs Dravidians
Player's team · LOSS
Rival team · WIN
[ REPLAY ANALYSIS · EXTRACTED FROM THE RECORDED GAME ]
Feudal
8:05
Castle
21:52
Imperial
—
| APM avg | 64.9 |
| APM peak | 119 |
| eAPM avg | 29.2 |
| Villagers / military | 60 / 82 |
Focus
⚔️ 56.0% · 🌾 44.0%
Archer ×37 · Skirmisher ×32 · Scout Cavalry ×9 · Mangonel ×2 · Spearman ×1 · Steppe Lancer ×1
Feudal
10:36
Castle
19:54
Imperial
—
| APM avg | 49.3 |
| APM peak | 69 |
| eAPM avg | 25.0 |
| Villagers / military | 86 / 49 |
Focus
⚔️ 28.6% · 🌾 71.4%
Elephant Archer ×23 · Archer ×14 · Militia ×4 · Skirmisher ×4 · Monk ×3 · Spearman ×1
Match map
Initial resources + every placement click. Lines = walls · curves = elevation contours. ◆ gold · ⬟ stone · ● berries · ✦ relic · ◌ wall gap
Your base· ✓ Closed at 21:52 · 34t walls · 1 gate(s)
JackK's base· ✓ Closed at 19:54 · 29t walls · 1 gate(s)
Smoothed initial terrain · ◌ = detected wall gap · hover for details
Inputs per minute
— Gengar - - JackK
Build order — Gengar
First 150 of 263 actions detected
| 0:01 | Create | Villager (Male) |
| 0:02 | Build | House |
| 0:02 | Create | Villager (Male) |
| 0:03 | Build | House |
| 0:07 | Create | Villager (Male) |
| 0:08 | Create | Villager (Male) |
| 1:28 | Create | Villager (Male) |
| 1:45 | Build | Lumber Camp |
| 1:59 | Create | Villager (Male) |
| 2:18 | Create | Villager (Male) |
| 2:47 | Create | Villager (Male) |
| 2:59 | Create | Villager (Male) |
| 3:06 | Create | Villager (Male) |
| 3:24 | Create | Villager (Male) |
| 3:25 | Create | Villager (Male) |
| 3:51 | Create | Villager (Male) |
| 4:01 | Create | Villager (Male) |
| 4:20 | Build | House |
| 4:59 | Build | Mill |
| 5:27 | Create | Villager (Male) |
| 5:39 | Build | House |
| 5:44 | Research | Feudal Age |
| 7:07 | Build | Barracks |
| 7:11 | Research | Loom |
| 7:11 | Create | Villager (Male) |
| 7:23 | Build | Palisade Wall |
| 7:24 | Build | Palisade Wall |
| 7:26 | Build | Palisade Wall |
| 7:28 | Build | Palisade Wall |
| 7:29 | Build | Palisade Wall |
| 7:30 | Build | Palisade Wall |
| 7:31 | Build | Palisade Wall |
| 7:36 | Build | Palisade Wall |
| 7:37 | Build | Palisade Wall |
| 7:43 | Build | Palisade Wall |
| 7:46 | Build | Palisade Wall |
| 7:51 | Build | Palisade Wall |
| 7:57 | Build | Palisade Wall |
| 8:05 | Age | Feudal Age |
| 8:11 | Create | Villager (Male) |
| 8:30 | Build | Stable |
| 8:45 | Research | Double-Bit Axe |
| 8:48 | Create | Spearman |
| 8:51 | Create | Villager (Male) |
| 9:24 | Create | Scout Cavalry |
| 9:24 | Create | Scout Cavalry |
| 9:24 | Create | Scout Cavalry |
| 9:25 | Create | Scout Cavalry |
| 9:30 | Create | Villager (Male) |
| 9:38 | Build | Mining Camp |
| 9:43 | Build | House |
| 9:54 | Build | Palisade Wall |
| 9:54 | Create | Villager (Male) |
| 10:15 | Build | Archery Range |
| 10:19 | Build | Palisade Wall |
| 10:31 | Create | Villager (Male) |
| 10:38 | Build | Palisade Wall |
| 10:39 | Build | Palisade Wall |
| 10:41 | Build | Palisade Wall |
| 10:49 | Build | House |
| 10:50 | Build | Palisade Wall |
| 10:50 | Build | Palisade Wall |
| 10:55 | Create | Villager (Male) |
| 10:59 | Create | Archer |
| 10:59 | Create | Archer |
| 11:02 | Build | House |
| 11:05 | Build | House |
| 11:14 | Create | Villager (Male) |
| 11:15 | Create | Villager (Male) |
| 11:32 | Create | Archer |
| 11:35 | Create | Villager (Male) |
| 11:35 | Create | Villager (Male) |
| 11:36 | Create | Villager (Male) |
| 11:38 | Build | Farm |
| 11:40 | Build | Farm |
| 11:59 | Build | Farm |
| 12:00 | Build | Farm |
| 12:22 | Create | Villager (Male) |
| 12:25 | Build | Farm |
| 12:26 | Create | Archer |
| 12:51 | Create | Villager (Male) |
| 12:52 | Build | Blacksmith |
| 12:52 | Create | Villager (Male) |
| 13:02 | Build | Farm |
| 13:12 | Build | Farm |
| 13:13 | Create | Archer |
| 13:13 | Create | Archer |
| 13:27 | Create | Villager (Male) |
| 13:38 | Build | Farm |
| 13:39 | Build | House |
| 13:51 | Research | Fletching |
| 13:55 | Build | House |
| 13:57 | Build | Farm |
| 13:59 | Build | Farm |
| 14:05 | Create | Villager (Male) |
| 14:19 | Build | Farm |
| 14:21 | Build | Farm |
| 14:32 | Create | Archer |
| 14:32 | Create | Archer |
| 14:35 | Create | Scout Cavalry |
| 14:42 | Build | Farm |
| 14:56 | Build | House |
| 15:06 | Create | Archer |
| 15:08 | Create | Villager (Male) |
| 15:15 | Create | Villager (Male) |
| 15:27 | Create | Archer |
| 15:28 | Create | Scout Cavalry |
| 15:32 | Build | Farm |
| 15:44 | Create | Scout Cavalry |
| 16:03 | Create | Villager (Male) |
| 16:18 | Create | Scout Cavalry |
| 16:19 | Create | Villager (Male) |
| 16:22 | Create | Archer |
| 16:23 | Create | Scout Cavalry |
| 16:28 | Build | House |
| 16:29 | Build | House |
| 16:29 | Build | House |
| 16:31 | Build | Farm |
| 16:33 | Build | Farm |
| 16:55 | Create | Villager (Male) |
| 17:09 | Build | House |
| 17:09 | Build | House |
| 17:14 | Research | Wheelbarrow |
| 17:22 | Build | House |
| 17:24 | Build | Palisade Wall |
| 17:35 | Create | Skirmisher |
| 17:41 | Build | Archery Range |
| 17:42 | Build | Palisade Wall |
| 17:58 | Build | Palisade Wall |
| 18:13 | Build | House |
| 18:20 | Build | Palisade Gate |
| 18:31 | Create | Archer |
| 18:32 | Create | Archer |
| 19:12 | Research | Castle Age |
| 19:13 | Research | Castle Age |
| 19:13 | Create | Archer |
| 19:14 | Create | Archer |
| 19:30 | Research | Gold Mining |
| 19:39 | Build | House |
| 19:40 | Build | House |
| 19:46 | Research | Horse Collar |
| 19:46 | Research | Horse Collar |
| 19:47 | Create | Archer |
| 19:51 | Create | Archer |
| 19:58 | Research | Padded Archer Armor |
| 20:05 | Create | Archer |
| 20:27 | Build | House |
| 20:28 | Build | House |
| 20:39 | Create | Archer |
| 20:58 | Create | Archer |
Build order — JackK
First 150 of 223 actions detected
| 0:00 | Create | Villager (Male) |
| 0:01 | Create | Villager (Male) |
| 0:02 | Build | House |
| 0:02 | Build | House |
| 0:09 | Create | Villager (Male) |
| 0:09 | Create | Villager (Male) |
| 1:26 | Create | Villager (Male) |
| 1:43 | Build | Lumber Camp |
| 1:58 | Create | Villager (Male) |
| 2:17 | Create | Villager (Male) |
| 2:50 | Create | Villager (Male) |
| 3:14 | Create | Villager (Male) |
| 3:41 | Create | Villager (Male) |
| 3:51 | Create | Villager (Male) |
| 4:00 | Build | House |
| 4:26 | Create | Villager (Male) |
| 4:29 | Build | House |
| 4:59 | Build | Barracks |
| 5:03 | Create | Villager (Male) |
| 5:04 | Create | Villager (Male) |
| 5:49 | Create | Villager (Male) |
| 5:53 | Create | Militia |
| 5:54 | Create | Militia |
| 6:13 | Create | Villager (Male) |
| 6:17 | Build | Mill |
| 6:35 | Create | Villager (Male) |
| 7:08 | Create | Villager (Male) |
| 7:11 | Build | House |
| 7:17 | Create | Villager (Male) |
| 7:54 | Research | Loom |
| 8:12 | Build | Mining Camp |
| 8:26 | Research | Feudal Age |
| 8:35 | Create | Militia |
| 8:45 | Build | House |
| 8:58 | Build | Palisade Wall |
| 9:11 | Build | Farm |
| 9:13 | Build | Farm |
| 9:13 | Create | Militia |
| 9:33 | Build | Farm |
| 9:45 | Create | Villager (Male) |
| 9:47 | Build | House |
| 10:03 | Build | Palisade Wall |
| 10:17 | Create | Villager (Male) |
| 10:36 | Age | Feudal Age |
| 10:37 | Create | Villager (Male) |
| 10:38 | Create | Spearman |
| 10:41 | Build | Archery Range |
| 10:42 | Research | Double-Bit Axe |
| 10:50 | Build | Farm |
| 11:00 | Research | Man-at-Arms (upgrade) |
| 11:02 | Build | House |
| 11:08 | Build | Palisade Wall |
| 11:21 | Build | Farm |
| 11:23 | Build | Farm |
| 11:35 | Create | Archer |
| 11:38 | Build | Palisade Wall |
| 11:40 | Create | Villager (Male) |
| 11:53 | Create | Skirmisher |
| 11:55 | Build | Farm |
| 11:57 | Create | Villager (Male) |
| 12:08 | Build | House |
| 12:23 | Create | Villager (Male) |
| 12:34 | Create | Skirmisher |
| 12:36 | Build | Farm |
| 12:36 | Build | Farm |
| 12:40 | Build | House |
| 12:42 | Build | Palisade Wall |
| 12:47 | Create | Villager (Male) |
| 12:57 | Create | Skirmisher |
| 12:59 | Create | Villager (Male) |
| 13:04 | Build | Palisade Gate |
| 13:05 | Build | House |
| 13:23 | Build | Palisade Wall |
| 13:31 | Build | Palisade Wall |
| 13:33 | Build | Palisade Wall |
| 13:36 | Create | Villager (Male) |
| 13:38 | Create | Skirmisher |
| 13:53 | Build | Blacksmith |
| 14:02 | Create | Archer |
| 14:16 | Build | Farm |
| 14:24 | Create | Villager (Male) |
| 14:25 | Create | Villager (Male) |
| 14:37 | Research | Fletching |
| 14:40 | Create | Archer |
| 14:40 | Create | Archer |
| 15:10 | Create | Villager (Male) |
| 15:14 | Create | Archer |
| 15:19 | Build | Farm |
| 15:20 | Build | Farm |
| 15:25 | Build | Farm |
| 15:35 | Create | Archer |
| 15:36 | Create | Villager (Male) |
| 15:39 | Build | Farm |
| 15:40 | Build | Farm |
| 15:52 | Build | Farm |
| 15:53 | Create | Villager (Male) |
| 16:19 | Create | Villager (Male) |
| 16:39 | Create | Archer |
| 16:39 | Create | Archer |
| 16:56 | Build | Archery Range |
| 17:14 | Research | Castle Age |
| 17:14 | Research | Castle Age |
| 17:27 | Build | Lumber Camp |
| 17:32 | Create | Archer |
| 17:32 | Create | Archer |
| 17:37 | Build | Palisade Wall |
| 18:12 | Research | Padded Archer Armor |
| 18:33 | Create | Archer ×2 |
| 18:33 | Create | Archer ×2 |
| 18:47 | Build | Palisade Wall |
| 19:31 | Research | Gold Mining |
| 19:51 | Research | Wheelbarrow |
| 19:54 | Age | Castle Age |
| 19:55 | Build | Town Center |
| 19:56 | Research | Bodkin Arrow |
| 20:00 | Research | Crossbowman (upgrade) |
| 20:15 | Create | Elephant Archer |
| 20:26 | Research | Bow Saw |
| 20:44 | Create | Villager (Male) |
| 21:00 | Create | Villager (Male) |
| 21:05 | Create | Villager (Male) |
| 21:05 | Create | Villager (Male) |
| 21:39 | Create | Villager (Male) |
| 21:40 | Create | Villager (Male) |
| 21:52 | Create | Elephant Archer |
| 21:53 | Create | Elephant Archer |
| 22:05 | Build | Town Center |
| 22:24 | Create | Elephant Archer ×2 |
| 22:30 | Create | Villager (Male) |
| 22:31 | Create | Villager (Male) |
| 22:33 | Build | Farm |
| 22:35 | Build | Farm |
| 22:38 | Build | Farm |
| 22:39 | Create | Villager (Male) |
| 22:44 | Create | Villager (Male) |
| 22:44 | Create | Villager (Male) |
| 22:45 | Create | Villager (Male) |
| 22:58 | Build | Farm |
| 23:00 | Build | Farm |
| 23:02 | Build | Farm |
| 23:05 | Create | Villager (Male) |
| 23:05 | Create | Villager (Male) |
| 23:13 | Build | House |
| 23:15 | Create | Villager (Male) |
| 23:15 | Create | Villager (Male) |
| 23:17 | Create | Villager (Male) |
| 23:32 | Create | Villager (Male) |
| 23:32 | Create | Villager (Male) |
| 23:36 | Build | Farm |
| 23:37 | Build | Farm |
Match timeline
| 4:59 | JackK · first_building Barracks |
| 7:07 | Gengar · first_building Barracks |
| 7:23 | Gengar · wall_segment Palisade Wall x1 |
| 7:24 | Gengar · wall_segment Palisade Wall x1 |
| 7:26 | Gengar · wall_segment Palisade Wall x1 |
| 7:28 | Gengar · wall_segment Palisade Wall x1 |
| 7:29 | Gengar · wall_segment Palisade Wall x1 |
| 7:30 | Gengar · wall_segment Palisade Wall x1 |
| 7:31 | Gengar · wall_segment Palisade Wall x1 |
| 7:36 | Gengar · wall_segment Palisade Wall x1 |
| 7:37 | Gengar · wall_segment Palisade Wall x1 |
| 7:43 | Gengar · wall_segment Palisade Wall x1 |
| 7:46 | Gengar · wall_segment Palisade Wall x1 |
| 7:51 | Gengar · wall_segment Palisade Wall x1 |
| 7:57 | Gengar · wall_segment Palisade Wall x1 |
| 8:05 | Gengar · age_up feudal |
| 8:30 | Gengar · first_building Stable |
| 8:58 | JackK · wall_segment Palisade Wall x10 |
| 9:54 | Gengar · wall_segment Palisade Wall x1 |
| 10:03 | JackK · wall_segment Palisade Wall x6 |
| 10:15 | Gengar · first_building Archery Range |
| 10:19 | Gengar · wall_segment Palisade Wall x1 |
| 10:36 | JackK · age_up feudal |
| 10:38 | Gengar · wall_segment Palisade Wall x1 |
| 10:39 | Gengar · wall_segment Palisade Wall x1 |
| 10:41 | JackK · first_building Archery Range |
| 10:41 | Gengar · wall_segment Palisade Wall x1 |
| 10:50 | Gengar · wall_segment Palisade Wall x1 |
| 10:50 | Gengar · wall_segment Palisade Wall x1 |
| 11:08 | JackK · wall_segment Palisade Wall x1 |
| 11:38 | JackK · wall_segment Palisade Wall x7 |
| 12:42 | JackK · wall_segment Palisade Wall x1 |
| 13:23 | JackK · wall_segment Palisade Wall x1 |
| 13:31 | JackK · wall_segment Palisade Wall x1 |
| 13:33 | JackK · wall_segment Palisade Wall x1 |
| 17:24 | Gengar · wall_segment Palisade Wall x5 |
| 17:37 | JackK · wall_segment Palisade Wall x1 |
| 17:42 | Gengar · wall_segment Palisade Wall x1 |
| 17:58 | Gengar · wall_segment Palisade Wall x8 |
| 18:47 | JackK · wall_segment Palisade Wall x1 |
| 19:54 | JackK · age_up castle |
| 21:52 | Gengar · age_up castle |
| 24:37 | Gengar · wall_segment Palisade Wall x1 |
| 25:18 | JackK · first_building Monastery |
| 25:36 | Gengar · first_building Siege Workshop |
| 26:57 | JackK · first_building Stable |
| 29:50 | Gengar · resign |
[ AI ANALYSIS · 1 CREDIT ]
What really happened in this match?
Wolo.gg analyzes every decision: build order, eco, micro, common mistakes by bracket. Personalized analysis on WhatsApp or Discord in 30 seconds.
Civ guide
Mongols
Perfil
Jugador #3055068